 Dungeon Crawl Stone Soup version 0.23-a0-577-g2b1de94 (webtiles) character file.

1232 Lanoc the Magician (level 8, 0/87 HPs)
             Began as a Gnoll Wizard on Dec 13, 2018.
             Was a Follower of Sif Muna.
             Slain by Edmund
             ... wielding a +3 flail of protection
              (5 damage)
             ... on level 6 of the Dungeon on Dec 14, 2018.
             The game lasted 00:26:00 (4890 turns).

Lanoc the Magician (Gnoll Wizard)                   Turns: 4890, Time: 00:26:00

Health: 0/87       AC: 24    Str: 10    XL:     8   Next: 48%
Magic:  19/19      EV:  2    Int: 22    God:    Sif Muna [*.....]
Gold:   187        SH:  0    Dex: 14    Spells: 14/22 levels left

rFire    . . .     SeeInvis .   s - +0 mace (holy)
rCold    . . .     Gourm    .   (no shield)
rNeg     + + +     Faith    .   (armour currently unavailable)
rPois    +         Spirit   .   (helmet currently unavailable)
rElec    .         Reflect  .   (cloak currently unavailable)
rCorr    .         Harm     .   (gloves currently unavailable)
MR       .....     NoTele   +   (boots currently unavailable)
Stlth    +++.......             (no amulet)
HPRegen  0.24/turn              (no ring)
MPRegen  0.16/turn              (no ring)

@: tree-form
A: distributed training, strong nose
a: Divine Energy, Renounce Religion


You were on level 6 of the Dungeon.
You worshipped Sif Muna.
Sif Muna was aware of your devotion.
You were hungry.
You were a tree.
You visited 2 branches of the dungeon, and saw 7 of its levels.

You collected 259 gold pieces.
You spent 72 gold pieces at shops.

Inventory:

Hand Weapons
 s - a +0 mace of holy wrath (weapon)
Armour
 a - a +0 robe (melded)
 k - a +1 hat (melded)
 n - a +1 cloak (melded)
Wands
 i - a wand of polymorph (8)
Scrolls
 b - a scroll of amnesia {unknown}
 c - 2 scrolls of enchant armour {unknown}
 e - 2 scrolls of fog {unknown}
 f - 3 scrolls of enchant weapon {unknown}
 g - 4 scrolls of identify {unknown}
 h - 2 scrolls of random uselessness {unknown}
 l - 2 scrolls of teleportation {unknown}
 o - a scroll of blinking {unknown}
 r - a scroll of noise {unknown}
Potions
 j - a potion of lignification
 m - a potion of mutation {unknown}
 p - a potion of might {unknown}
 q - a potion of curing {unknown}
 t - 2 potions of magic
Comestibles
 d - 12 rations


   Skills:
 + Level 3.2 Fighting
 + Level 3.2 Short Blades
 + Level 3.2 Long Blades
 + Level 3.2 Axes
 + Level 3.2 Maces & Flails
 + Level 3.2 Polearms
 + Level 3.2 Staves
 + Level 3.2 Slings
 + Level 3.2 Bows
 + Level 3.2 Crossbows
 + Level 3.2 Throwing
 + Level 3.2 Armour
 + Level 5.6 Dodging
 + Level 5.3 Stealth
 + Level 3.2 Shields
 + Level 3.2 Unarmed Combat
 + Level 7.9 Spellcasting
 + Level 3.4 Conjurations
 + Level 2.6 Hexes
 + Level 2.6 Charms
 + Level 3.4 Summonings
 + Level 2.6 Necromancy
 + Level 3.4 Translocations
 + Level 2.6 Transmutations
 + Level 2.6 Fire Magic
 + Level 2.6 Ice Magic
 + Level 2.6 Air Magic
 + Level 2.6 Earth Magic
 + Level 2.6 Poison Magic
 + Level 3.5 Invocations
 + Level 3.2 Evocations


You had 14 spell levels left.
You knew the following spells:

 Your Spells              Type           Power        Failure   Level  Hunger
a - Magic Dart            Conj           ###.         1%          1    None
b - Blink                 Tloc           N/A          2%          2    None
c - Mephitic Cloud        Conj/Pois/Air  ###.....     7%          3    None
d - Slow                  Hex            ###.....     3%          2    None

Your spell library contained the following spells:

 Spells                   Type           Power        Failure   Level  Hunger
 Beastly Appendage        Tmut           ###...       2%          1    None
 Call Imp                 Summ           ###.....     2%          2    None
 Sticks to Snakes         Tmut           ###.....     3%          2    None
 Conjure Flame            Conj/Fire      ###.....     6%          3    None
 Spider Form              Tmut/Pois      ###.......   8%          3    None
 Ice Form                 Ice/Tmut       ###.....     26%         4    ###....
 Blade Hands              Tmut           ###.......   56%         5    #####..


Dungeon Overview and Level Annotations

Branches:
Dungeon (6/15)             Temple (1/1) D:4

Altars:
Ashenzari
Cheibriados
Dithmenos
Fedhas
Gozag
Kikubaaqudgha
Nemelex Xobeh
Okawaru
Qazlal
Ru
Sif Muna
Trog
Uskayaw
Vehumet
Wu Jian
Xom
Yredelemnul
The Shining One

Shops:
D:4 }(:!?

Annotations:
D:4 2 transporters, feelmyfire's ghost, novice TrWr
D:5 Pikel
D:6 Edmund


Innate Abilities, Weirdness & Mutations

Your experience applies equally to all skills.
((You have very sharp teeth.))
Your uncanny sense of smell can sniff out nearby items.


Message History

Press: ? - help, Shift-Dir - straight line, f/p - Edmund
Aim: Edmund, wielding a +3 flail of protection and wearing a +0 ring mail The magic dart hits Edmund.
Edmund is almost dead.
Edmund seems less confused.
You hit Edmund but do no damage. You bite Edmund, but do no damage.
Edmund is almost dead.
Edmund hits you with a +3 flail of protection.
* * * LOW HITPOINT WARNING * * *
You hit Edmund but do no damage.
Edmund is almost dead.
Edmund hits you with a +3 flail of protection!
* * * LOW HITPOINT WARNING * * *
It was a potion of lignification.
You turn into a tree.
Your +1 cloak melds into your body.
Your +1 hat melds into your body.
Your +0 robe melds into your body.
Your roots penetrate the ground.
Edmund barely misses you.
It was a potion of magic.
Magic courses through your body.
Edmund hits you with a +3 flail of protection.
You die...

# ######## ....
#......##..............
####......................
#.).$...†.##..............
#.........##..............
#........@................
#........♣.#..............
#.........................
#####.###.#...............
#!......#####.#.......
###.#.### #.##...... #.#.#
#..#>..... #....%...#
##........ #......#..#
#####.... #.......#.#
####.....


You could see Edmund.

Vanquished Creatures
  Grinder (D:5)
  A slave (D:5)
  4 ogres
  Blork the orc (D:5)
  A bullfrog (D:6)
  A crimson imp (D:6)
  3 hounds
  3 orc wizards
  3 orc priests (D:4)
  An iguana (D:4)
  3 worker ants
  A hound zombie (D:6)
  8 adders
  2 shadow imps
  An ooze (D:3)
  An adder zombie (D:5)
  3 adder skeletons
  2 worms
  A dart slug (D:2)
  3 leopard geckos
  8 orcs
  2 ball pythons
  8 bats
  4 giant cockroaches
  7 goblins
  5 hobgoblins
  3 jackals (D:4)
  A kobold (D:2)
  5 quokkas
  5 frilled lizards
  5 rats
97 creatures vanquished.

Vanquished Creatures (others)
  A plant (D:4)
1 creature vanquished.

Grand Total: 98 creatures vanquished

Notes
Turn   | Place    | Note
-------+----------+-------------------------------------------
     0 | D:1      | Lanoc the Gnoll Wizard began the quest for the Orb.
     0 | D:1      | Reached XP level 1. HP: 13/13 MP: 8/8
   105 | D:1      | Reached XP level 2. HP: 19/19 MP: 8/10
   109 | D:1      | Learned a level 2 spell: Blink
   667 | D:2      | Reached XP level 3. HP: 25/25 MP: 5/11
   807 | D:2      | Reached skill level 1 in Invocations
   880 | D:2      | Reached skill level 1 in Fighting
   880 | D:2      | Reached skill level 1 in Short Blades
   880 | D:2      | Reached skill level 1 in Long Blades
   880 | D:2      | Reached skill level 1 in Axes
   880 | D:2      | Reached skill level 1 in Maces & Flails
   880 | D:2      | Reached skill level 1 in Polearms
   880 | D:2      | Reached skill level 1 in Staves
   880 | D:2      | Reached skill level 1 in Slings
   880 | D:2      | Reached skill level 1 in Bows
   880 | D:2      | Reached skill level 1 in Crossbows
   880 | D:2      | Reached skill level 1 in Throwing
   880 | D:2      | Reached skill level 1 in Armour
   880 | D:2      | Reached skill level 1 in Shields
   880 | D:2      | Reached skill level 1 in Unarmed Combat
   880 | D:2      | Reached skill level 1 in Evocations
  1079 | D:3      | Reached XP level 4. HP: 32/32 MP: 2/13
  1097 | D:3      | Found a glowing golden altar of the Shining One.
  1098 | D:3      | Found a blossoming altar of Fedhas.
  1098 | D:3      | Found a snail-covered altar of Cheibriados.
  1121 | D:3      | Learned a level 3 spell: Mephitic Cloud
  1423 | D:3      | Reached skill level 1 in Hexes
  1423 | D:3      | Reached skill level 1 in Charms
  1423 | D:3      | Reached skill level 1 in Necromancy
  1423 | D:3      | Reached skill level 1 in Transmutations
  1423 | D:3      | Reached skill level 1 in Fire Magic
  1423 | D:3      | Reached skill level 1 in Ice Magic
  1423 | D:3      | Reached skill level 1 in Air Magic
  1423 | D:3      | Reached skill level 1 in Earth Magic
  1423 | D:3      | Reached skill level 1 in Poison Magic
  1572 | D:3      | Reached XP level 5. HP: 33/37 MP: 10/14
  1960 | D:4      | Found Adiguick's Magic Scroll Shop.
  1984 | D:4      | Found Xeomp's Distillery.
  1987 | D:4      | Bought a potion of heal wounds for 60 gold pieces
  1987 | D:4      | Bought a potion of degeneration for 12 gold pieces
  2273 | D:4      | Noticed an ogre
  2301 | D:4      | Found Emasas's Weapon Shop.
  2304 | D:4      | Noticed an ogre
  2346 | D:4      | Reached XP level 6. HP: 23/44 MP: 1/16
  2426 | D:4      | Reached skill level 5 in Dodging
  2494 | D:4      | Found Uwym's Gadget Boutique.
  2865 | D:4      | Reached XP level 7. HP: 38/50 MP: 2/18
  2894 | D:4      | Learned a level 2 spell: Slow
  2908 | D:4      | Found Quh Jocs's Book Shoppe.
  3020 | D:4      | Found a staircase to the Ecumenical Temple.
  3029 | Temple   | Entered the Ecumenical Temple
  3094 | Temple   | Became a worshipper of Sif Muna the Loreminder
  3152 | D:4      | Noticed feelmyfire's ghost (novice TrWr)
  3153 | D:4      | Found a transporter.
  3153 | D:4      | Found a transporter.
  3153 | D:4      | Identified the +6 great mace "Plog" {venom, rN+ Str+2}
  3303 | D:5      | Entered Level 5 of the Dungeon
  3404 | D:5      | Reached skill level 5 in Stealth
  3428 | D:5      | Noticed Grinder
  3830 | D:5      | Paralysed by Grinder for 6 turns
  3846 | D:5      | Paralysed by Grinder for 4 turns
  3852 | D:5      | Killed Grinder
  3852 | D:5      | Reached XP level 8. HP: 20/57 MP: 17/19
  4023 | D:5      | Upgraded the game from 0.23-a0-565-g3e74e4c to
                  | 0.23-a0-577-g2b1de94
  4137 | D:5      | Noticed Pikel
  4479 | D:5      | Noticed Blork the orc
  4508 | D:5      | Killed Blork the orc
  4835 | D:6      | Noticed Edmund
  4870 | D:6      | Reached * piety under Sif Muna
  4890 | D:6      | Slain by Edmund

Vault maps used:
D:1:      elethiomel_arrival_infinity_welcomes_careful_drivers
D:3:      chequers_temple_overflow_statue_of_worship
D:4:      minmay_temple_entry_overgrown, serial_shops, shop, shop,
          nicolae_shop_trees, kennysheep_mini, shop, gammafunk_ghost_smash
D:5:      first_ration, serial_shops, nicolae_shop_stone, uniq_blork_the_orc,
          uniq_pikel, uniq_grinder
D:6:      nicolae_overflow_hidden_temple, kennysheep_small_square, uniq_edmund,
          uniq_duvessa
Temple:   eino_wide_crystal_templ

Skill      XL: |  1  2  3  4  5  6  7  8 |
---------------+-------------------------+-----
Conjurations   | 2 3 |  3.4
Summonings     | 2 3 |  3.4
Translocations | 2 3 |  3.4
Invocations    | 1 2 3 |  3.5
Fighting       | 1 2 3 |  3.2
Short Blades   | 1 2 3 |  3.2
Long Blades    | 1 2 3 |  3.2
Axes           | 1 2 3 |  3.2
Maces & Flails | 1 2 3 |  3.2
Polearms       | 1 2 3 |  3.2
Staves         | 1 2 3 |  3.2
Slings         | 1 2 3 |  3.2
Bows           | 1 2 3 |  3.2
Crossbows      | 1 2 3 |  3.2
Throwing       | 1 2 3 |  3.2
Armour         | 1 2 3 |  3.2
Shields        | 1 2 3 |  3.2
Unarmed Combat | 1 2 3 |  3.2
Evocations     | 1 2 3 |  3.2
Hexes          | 1 2 |  2.6
Charms         | 1 2 |  2.6
Necromancy     | 1 2 |  2.6
Transmutations | 1 2 |  2.6
Fire Magic     | 1 2 |  2.6
Ice Magic      | 1 2 |  2.6
Air Magic      | 1 2 |  2.6
Earth Magic    | 1 2 |  2.6
Poison Magic   | 1 2 |  2.6
Dodging        | 5 |  5.6
Stealth        | 5 |  5.3
Spellcasting   | |  7.9

Action                   |  1- 3 |  4- 6 |  7- 9 || total
-------------------------+-------+-------+-------++-------
Melee: Spear             |    25 |    90 |       ||   115
       Bite              |       |    10 |    30 ||    40
       Punch             |       |     1 |     3 ||     4
       Mace              |       |       |   171 ||   171
       Unarmed           |       |       |    62 ||    62
 Cast: Magic Dart        |    58 |   102 |    32 ||   192
       Blink             |       |     5 |     2 ||     7
       Mephitic Cloud    |       |     1 |     8 ||     9
       Slow              |       |       |     4 ||     4
  Use: Potion            |       |     1 |     3 ||     4
 Stab: Sleeping          |       |     3 |     2 ||     5
       Confused          |       |       |     5 ||     5
  Eat: Chunk             |       |     6 |     6 ||    12
Armor: Robe              |     3 |    20 |    43 ||    66
Dodge: Dodged            |    20 |   107 |   197 ||   324

Table legend:
 A = Non-vault XP
 B = Vault XP
 C = Vault XP percentage of total XP
 D = Non-vault monster count
 E = Vault monster count
 F = Vault count percentage of total count
                 A         B        C        D         E       F
            +---------+---------+-------+---------+---------+-------
      Total |    1388 |     372 |  21.1 |      94 |       2 |   2.1
            +---------+---------+-------+---------+---------+-------
        D:1 |      16 |       0 |   0.0 |      10 |       0 |   0.0
        D:2 |      60 |       0 |   0.0 |      21 |       0 |   0.0
        D:3 |     123 |       0 |   0.0 |      17 |       0 |   0.0
        D:4 |     589 |       0 |   0.0 |      23 |       0 |   0.0
        D:5 |     414 |     372 |  47.3 |      17 |       2 |  10.5
        D:6 |     186 |       0 |   0.0 |       6 |       0 |   0.0
            +---------+---------+-------+---------+---------+-------
